Maple Leafs vs Canadiens
Created - December 20, 2021 at 07:55
Goals
|
| Maple Leafs |
3 |
1 |
1 |
5 |
| Canadiens |
5 |
2 |
1 |
8 |
|
Shots
|
| Maple Leafs |
7 |
13 |
14 |
34 |
| Canadiens |
15 |
11 |
10 |
36 |
|
1st period
1. Maple Leafs , Patrick Kane 3 (Brayden Schenn 6, Claude Giroux 3) at 0:28
2. Canadiens , Evgeni Malkin 2 (Chris Kreider 3) at 1:18 (PP)
3. Maple Leafs , Logan Couture 1 (Jake Guentzel 2, Jon Merrill 2) at 5:49
4. Canadiens , Chris Kreider 6 (Evgeni Malkin 5) at 6:19
5. Canadiens , Dave Bolland 2 (Travis Hamonic 1, Brady Skjei 2) at 7:39 (PP)
6. Canadiens , Bryce Lampman 1 (Evgeni Malkin 6, Chris Kreider 4) at 8:11 (PP)
7. Maple Leafs , Brayden Schenn 1 (Claude Giroux 4, Patrick Kane 2) at 11:37
8. Canadiens , Chris Kreider 7 (Phil Kessel 4, Evgeni Malkin 7) at 11:45
Penalties :
Patrice Cormier (TOR) for Hooking (Minor) at 1:05, Patrice Cormier (TOR) for Roughing (Double Minor) at 3:53, Brady Skjei (Mon) for Holding Stick (Minor) at 4:21, Jon Merrill (TOR) for Hooking (Minor) at 8:07
2nd period
9. Canadiens , Greg Stewart 2 (Dave Bolland 3, Steve Downie 4) at 1:45 (PP)
10. Canadiens , Steve Downie 3 (Nick Spaling 1, Greg Stewart 6) at 6:46
11. Maple Leafs , Jake Guentzel 2 (Bo Horvat 3) at 7:58 (PP)
Penalties :
Patrick Kane (TOR) for Cross-checking (Minor) at 1:10, Mark Stuart (Mon) for Holding (Minor) at 3:18, Brady Skjei (Mon) for Cross-checking (Minor) at 7:47, Evgeni Malkin (Mon) for Roughing (Minor) at 11:06, Beau Bennett (TOR) for Cross-checking (Minor) at 13:32
3rd period
12. Canadiens , Steve Downie 4 (Greg Stewart 7, Nick Spaling 2) at 2:11
13. Maple Leafs , Jake Guentzel 3 (Ben Smith 3, Bo Horvat 4) at 18:23 (PP)
Penalties :
Bo Horvat (TOR) for Slashing (Double Minor) at 12:32, Chris Kreider (Mon) for Roughing (Minor) at 17:28
Goalie Stats
John Gibson (TOR), 14 saves from 18 shots - (0.778), 26:00 minutes
Martin Jones (TOR), 14 saves from 18 shots - (0.778), L, 0-1-0, 34:00 minutes
Kristers Gudlevskis (Mon), 29 saves from 34 shots - (0.853), W, 4-2-0, 60:00 minutes
Players Stats for Maple Leafs
Player Name G A P +/- PIM S H SB GA TA FO MP PP MP PK MP
------------------------------------------------------------------------------------
Andre Burakovsky 0 0 0 -1 0 1 0 0 1 1 0/0 8:50 0:00 1:16
Beau Bennett 0 0 0 -1 2 0 0 0 0 0 0/0 7:34 0:00 0:00
Ben Smith 0 1 1 0 0 2 0 0 1 0 1/3 15:46 2:38 0:00
Bo Horvat 0 2 2 0 4 2 3 0 0 1 9/20 16:00 2:38 0:12
Brayden Schenn 1 1 2 0 0 3 1 0 0 1 23/44 24:38 2:25 4:59
Braydon Coburn 0 0 0 2 0 0 0 1 0 0 0/0 20:49 0:00 4:58
Claude Giroux 0 2 2 0 0 4 3 1 2 0 2/3 24:47 2:26 5:05
Hampus Lindholm 0 0 0 -3 0 2 3 1 2 1 0/0 27:24 3:40 3:39
Jake Guentzel 2 1 3 1 0 5 0 0 0 0 0/1 19:42 2:38 2:48
John Klingberg 0 0 0 -3 0 3 0 1 0 1 0/0 27:24 3:40 3:39
Jon Merrill 0 1 1 2 2 0 0 0 0 3 0/0 22:12 1:24 4:58
Logan Couture 1 0 1 0 0 2 0 0 0 0 3/6 11:39 0:01 2:54
Patrice Cormier 0 0 0 -1 6 1 0 0 0 0 1/3 7:11 0:00 0:00
Patrick Kane 1 1 2 1 2 4 1 0 1 0 1/1 18:46 2:26 0:00
Pontus Aberg 0 0 0 -1 0 1 1 0 0 0 0/0 7:13 0:00 0:00
Ryan Parent 0 0 0 0 0 0 1 1 0 0 0/0 10:23 0:00 0:00
Tim Schaller 0 0 0 -1 0 1 0 0 0 0 0/0 7:13 0:00 0:00
Zach Werenski 0 0 0 0 0 3 0 0 0 0 0/0 11:47 1:24 0:00
Players Stats for Canadiens
Player Name G A P +/- PIM S H SB GA TA FO MP PP MP PK MP
------------------------------------------------------------------------------------
Brady Skjei 0 1 1 0 4 4 4 5 2 1 0/0 26:17 5:37 0:56
Brian Dumoulin 0 0 0 -1 0 2 2 2 0 1 0/0 14:23 0:00 3:26
Bryce Lampman 1 0 1 2 0 2 3 2 2 0 0/0 20:09 4:06 0:17
Chris Kreider 2 2 4 1 2 8 3 0 1 0 2/2 23:04 5:06 1:23
Daniel Carcillo 0 0 0 -1 0 1 1 0 1 0 0/0 12:37 0:18 2:58
Dave Bolland 1 1 2 -1 0 2 1 1 1 0 8/14 15:58 3:13 3:18
Evgeni Malkin 1 3 4 1 2 5 3 0 0 0 21/42 22:08 5:06 0:27
Greg Stewart 1 2 3 2 0 2 1 0 0 0 0/1 15:50 3:13 0:00
Guillaume Brisebois 0 0 0 0 0 0 0 0 0 0 0/0 11:15 0:00 1:21
Jakub Vrana 0 0 0 0 0 0 0 0 0 1 0/0 6:37 0:00 0:00
Jordan Szwarz 0 0 0 -1 0 0 1 0 0 0 0/1 10:27 0:18 0:43
Mark Stuart 0 0 0 1 2 0 1 1 0 1 0/0 20:11 2:47 2:15
Nick Spaling 0 2 2 1 0 0 1 0 0 0 6/12 15:21 0:18 1:19
Peter Holland 0 0 0 0 0 0 1 0 0 1 2/3 6:37 0:00 0:00
Phil Kessel 0 1 1 -1 0 2 0 1 1 0 2/5 20:37 3:59 0:00
Pierre-Marc Bouchard 0 0 0 0 0 2 0 0 0 0 0/0 6:37 0:00 0:00
Steve Downie 2 1 3 2 0 4 1 0 0 0 0/1 15:50 3:13 0:00
Travis Hamonic 0 1 1 0 0 2 2 1 0 2 0/0 28:54 5:50 1:53
3 Stars
1 - Chris Kreider (Mon)
2 - Steve Downie (Mon)
3 - Evgeni Malkin (Mon)
Power Play
Maple Leafs - 2 on 5 Attempt(s) - 40.00%
Canadiens - 4 on 8 Attempt(s) - 50.00%
Penalty Kill
Maple Leafs - 4 on 8 Attempt(s) - 50.00%
- Score 0 goal in Penalty Kill
Canadiens - 3 on 5 Attempt(s) - 60.00%
- Score 0 goal in Penalty Kill
Team Stat
Maple Leafs - Hits : 13 - Faceoff Wins : 40 - Blocked Shots : 5 - Penalty Minutes : 16
Canadiens - Hits : 25 - Faceoff Wins : 41 - Blocked Shots : 13 - Penalty Minutes : 10
Official
Referees : Pierre Lambert and Kendrick Nicholson
Linesman : Vaughan Rody and Libor Suchanek
Game Notes
Martin Jones enters game at 8:11 of 1st period
John Gibson enters game at 2:11 of 3rd period
Finance
Level 1 -- Attendance: 6000 (100.00%) -- Ticket Income $600,000
Level 2 -- Attendance: 5000 (100.00%) -- Ticket Income $300,000
Level 3 -- Attendance: 2000 (100.00%) -- Ticket Income $70,000
Level 4 -- Attendance: 3777 (94.43%) -- Ticket Income $94,425
Luxury Box -- Attendance: 978 (97.80%) -- Ticket Income $195,600
Game was played at the Centre Bell.
Total Attendance: 17755 (98.64%)
Total Ticket Income: $1,260,025
Other Income: $189,004
Total Income: $1,449,029
Maple Leafs
5 vs 5 Forward
Center Left Wing Right Wing Time % Phy DF OF
1 Brayden Schenn Claude Giroux Patrick Kane 40 1 2 2
2 Bo Horvat Jake Guentzel Ben Smith 30 1 2 2
3 Logan Couture Andre Burakovsky Beau Bennett 20 1 2 2
4 Patrice Cormier Tim Schaller Pontus Aberg 10 1 2 2
5 vs 5 Defense
Defense Defense Time % Phy DF OF
1 Hampus Lindholm John Klingberg 40 1 2 2
2 Jon Merrill Braydon Coburn 30 1 2 2
3 Ryan Parent Zach Werenski 20 1 2 2
4 Hampus Lindholm John Klingberg 10 1 2 2
PowerPlay Forward
Center Left Wing Right Wing Time % Phy DF OF
1 Brayden Schenn Claude Giroux Patrick Kane 60 1 2 2
2 Bo Horvat Jake Guentzel Ben Smith 40 1 2 2
PowerPlay Defense
Defense Defense Time % Phy DF OF
1 Hampus Lindholm John Klingberg 60 1 2 2
2 Jon Merrill Zach Werenski 40 1 2 2
Penalty Kill 4 Players Forward
Center Wing Time % Phy DF OF
1 Brayden Schenn Claude Giroux 60 1 2 2
2 Logan Couture Jake Guentzel 40 1 2 2
Penalty Kill 4 Players Defense
Defense Defense Time % Phy DF OF
1 Jon Merrill Braydon Coburn 60 1 2 2
2 Hampus Lindholm John Klingberg 40 1 2 2
Penalty Kill - 3 Players Forward
Forward Time % Phy DF OF
1 Brayden Schenn 60 1 2 2
2 Logan Couture 40 1 2 2
Penalty Kill - 3 Players Defense
Defense Defense Time % Phy DF OF
1 Braydon Coburn Jon Merrill 60 1 2 2
2 Hampus Lindholm John Klingberg 40 1 2 2
4 vs 4 Forward
Center Wing Time % Phy DF OF
1 Brayden Schenn Claude Giroux 60 1 2 2
2 Logan Couture Jake Guentzel 40 1 2 2
4 vs 4 Defense
Defense Defense Time % Phy DF OF
1 Hampus Lindholm John Klingberg 60 1 2 2
2 Jon Merrill Braydon Coburn 40 1 2 2
Last Minutes Offensive
Center Left Wing Right Wing Defense Defense
Brayden Schenn Claude Giroux Patrick Kane Hampus Lindholm John Klingberg
Last Minutes Defensive
Center Left Wing Right Wing Defense Defense
Brayden Schenn Claude Giroux Patrick Kane Braydon Coburn Jon Merrill
Goaltenders
Starting : John Gibson
Backup : Martin Jones
Extra Forwards
Normal : Jake Guentzel, Logan Couture, Bo Horvat - PP : Jake Guentzel, Logan Couture - PK : Jake Guentzel
Extra Defensemen
Normal : Braydon Coburn, Ryan Parent, Zach Werenski - PP : Braydon Coburn - PK : Braydon Coburn, Ryan Parent
Penalty Shots
Claude Giroux, Patrick Kane, Brayden Schenn, Ben Smith, Jake Guentzel
Scratches
None
Canadiens
5 vs 5 Forward
Center Left Wing Right Wing Time % Phy DF OF
1 Evgeni Malkin Chris Kreider Phil Kessel 40 0 2 3
2 Nick Spaling Greg Stewart Steve Downie 30 0 2 3
3 Dave Bolland Daniel Carcillo Jordan Szwarz 20 0 2 3
4 Peter Holland Jakub Vrana Pierre-Marc Bouchard 10 0 3 2
5 vs 5 Defense
Defense Defense Time % Phy DF OF
1 Travis Hamonic Brady Skjei 40 0 2 3
2 Bryce Lampman Mark Stuart 30 0 2 3
3 Brian Dumoulin Guillaume Brisebois 20 0 3 2
4 Travis Hamonic Brady Skjei 10 0 2 3
PowerPlay Forward
Center Left Wing Right Wing Time % Phy DF OF
1 Evgeni Malkin Chris Kreider Phil Kessel 60 0 1 4
2 Dave Bolland Greg Stewart Steve Downie 40 0 1 4
PowerPlay Defense
Defense Defense Time % Phy DF OF
1 Travis Hamonic Brady Skjei 60 0 1 4
2 Bryce Lampman Mark Stuart 40 0 1 4
Penalty Kill 4 Players Forward
Center Wing Time % Phy DF OF
1 Dave Bolland Daniel Carcillo 60 0 3 2
2 Nick Spaling Jordan Szwarz 40 0 3 2
Penalty Kill 4 Players Defense
Defense Defense Time % Phy DF OF
1 Brian Dumoulin Mark Stuart 60 0 3 2
2 Guillaume Brisebois Travis Hamonic 40 0 3 2
Penalty Kill - 3 Players Forward
Forward Time % Phy DF OF
1 Dave Bolland 60 1 4 0
2 Peter Holland 40 0 4 1
Penalty Kill - 3 Players Defense
Defense Defense Time % Phy DF OF
1 Travis Hamonic Mark Stuart 60 0 4 1
2 Bryce Lampman Brian Dumoulin 40 0 4 1
4 vs 4 Forward
Center Wing Time % Phy DF OF
1 Evgeni Malkin Chris Kreider 60 0 2 3
2 Nick Spaling Phil Kessel 40 0 2 3
4 vs 4 Defense
Defense Defense Time % Phy DF OF
1 Travis Hamonic Brady Skjei 60 0 2 3
2 Bryce Lampman Mark Stuart 40 0 2 3
Last Minutes Offensive
Center Left Wing Right Wing Defense Defense
Evgeni Malkin Chris Kreider Phil Kessel Travis Hamonic Brady Skjei
Last Minutes Defensive
Center Left Wing Right Wing Defense Defense
Evgeni Malkin Chris Kreider Phil Kessel Travis Hamonic Brady Skjei
Goaltenders
Starting : Kristers Gudlevskis
Backup : Allen York
Extra Forwards
Normal : Chris Kreider, Phil Kessel, Evgeni Malkin - PP : Chris Kreider, Evgeni Malkin - PK : Daniel Carcillo
Extra Defensemen
Normal : Brady Skjei, Travis Hamonic, Bryce Lampman - PP : Brady Skjei - PK : Travis Hamonic, Mark Stuart
Penalty Shots
Evgeni Malkin, Chris Kreider, Phil Kessel, Daniel Carcillo, Greg Stewart
Scratches
Mika Zibanejad (Suspend), Philip Larsen (Left Eye Injury), Ryan Collins (Bruised Left Arm Injury), Adam Fox (Sore Right Knee Injury)
% Time on Ice - Maple Leafs
Lines # - Real PCT - Wanted PCT - Time Play
Normal Forward
1 - 37% - 40% - 16:24
2 - 30% - 30% - 13:12
3 - 17% - 20% - 7:31
4 - 16% - 10% - 7:13
Normal Defense
1 - 41% - 40% - 18:04
2 - 33% - 30% - 14:34
3 - 23% - 20% - 10:23
4 - 3% - 10% - 1:19
PP Forward
1 - 48% - 60% - 2:26
2 - 52% - 40% - 2:38
PP Defense
1 - 72% - 60% - 3:40
2 - 28% - 40% - 1:24
PK Forward
1 - 75% - 60% - 6:27
2 - 25% - 40% - 2:10
PK Defense
1 - 67% - 60% - 5:46
2 - 33% - 40% - 2:51
PK3 Forward
1 - 0% - 60%
2 - 0% - 40%
PK3 Defense
1 - 0% - 60%
2 - 0% - 40%
44 Forward
1 - 46% - 60% - 0:55
2 - 54% - 40% - 1:04
44 Defense
1 - 53% - 60% - 1:03
2 - 47% - 40% - 0:56
Last Minute Offensive - 0:00
Last Minute Defensive - 0:00
Total
Forward - 60:00
Defense - 60:00
|
% Time on Ice - Canadiens
Lines # - Real PCT - Wanted PCT - Time Play
Normal Forward
1 - 35% - 40% - 15:42
2 - 29% - 30% - 12:42
3 - 21% - 20% - 9:19
4 - 15% - 10% - 6:37
Normal Defense
1 - 42% - 40% - 18:45
2 - 32% - 30% - 14:17
3 - 22% - 20% - 9:54
4 - 3% - 10% - 1:24
PP Forward
1 - 63% - 60% - 5:24
2 - 37% - 40% - 3:13
PP Defense
1 - 68% - 60% - 5:50
2 - 32% - 40% - 2:47
PK Forward
1 - 86% - 60% - 4:21
2 - 14% - 40% - 0:43
PK Defense
1 - 73% - 60% - 3:43
2 - 27% - 40% - 1:21
PK3 Forward
1 - 0% - 60%
2 - 0% - 40%
PK3 Defense
1 - 0% - 60%
2 - 0% - 40%
44 Forward
1 - 47% - 60% - 0:56
2 - 53% - 40% - 1:03
44 Defense
1 - 80% - 60% - 1:35
2 - 20% - 40% - 0:24
Last Minute Offensive - 0:00
Last Minute Defensive - 0:00
Total
Forward - 60:00
Defense - 60:00
|
Play-by-Play
1st period
0:01 of 1st period - Brayden Schenn wins face-off versus Evgeni Malkin in neutral zone.
0:04 of 1st period - Slapshot by Hampus Lindholm.
0:04 of 1st period - Shot Misses the Net.
0:06 of 1st period - Snap shot by Patrick Kane.
0:06 of 1st period - Deflect By Travis Hamonic.
0:06 of 1st period - Shot Blocked by Brady Skjei.
0:06 of 1st period - Puck is out of play.
0:07 of 1st period - Evgeni Malkin wins face-off versus Brayden Schenn in Canadiens zone.
0:22 of 1st period - Wrist shot by Claude Giroux.
0:22 of 1st period - Stopped by Kristers Gudlevskis with a rebound.
0:24 of 1st period - Wrist shot by Patrick Kane.
0:24 of 1st period - Deflect By Brayden Schenn.
0:24 of 1st period - Stopped by Kristers Gudlevskis with a rebound.
0:26 of 1st period - Snap shot by Brayden Schenn.
0:26 of 1st period - Shot Misses the Net.
0:28 of 1st period - Snap shot by Patrick Kane.
0:28 of 1st period - Goal by Patrick Kane - Maple Leafs : 1 - Canadiens : 0.
0:29 of 1st period - Bo Horvat wins face-off versus Greg Stewart in neutral zone.
0:44 of 1st period - Wrist shot by Steve Downie.
0:44 of 1st period - Stopped by John Gibson without a rebound.
0:45 of 1st period - Dave Bolland wins face-off versus Logan Couture in Maple Leafs zone.
0:56 of 1st period - Snap shot by Jordan Szwarz.
0:56 of 1st period - Shot Hit the Post.
0:58 of 1st period - Slapshot by Brian Dumoulin.
0:58 of 1st period - Shot Blocked by Ryan Parent.
1:00 of 1st period - Snap shot by Brian Dumoulin.
1:00 of 1st period - Deflect By Logan Couture.
1:00 of 1st period - Stopped by John Gibson without a rebound.
1:01 of 1st period - Peter Holland wins face-off versus Patrice Cormier in Maple Leafs zone.
1:05 of 1st period - Minor Penalty to Patrice Cormier for Hooking.
1:06 of 1st period - Claude Giroux wins face-off versus Phil Kessel in Maple Leafs zone.
1:18 of 1st period - Snap shot by Evgeni Malkin.
1:18 of 1st period - Goal by Evgeni Malkin - Maple Leafs : 1 - Canadiens : 1.
1:19 of 1st period - Nick Spaling wins face-off versus Ben Smith in neutral zone.
1:32 of 1st period - Snap shot by Steve Downie.
1:32 of 1st period - Shot Misses the Net.
1:34 of 1st period - Slapshot by Bryce Lampman.
1:34 of 1st period - Deflect By Jon Merrill.
1:34 of 1st period - Stopped by John Gibson with a rebound.
1:36 of 1st period - Wrist shot by Steve Downie.
1:36 of 1st period - Shot Misses the Net.
1:59 of 1st period - Hampus Lindholm is hit by Peter Holland and loses puck.
2:15 of 1st period - Icing by Evgeni Malkin.
2:16 of 1st period - Evgeni Malkin wins face-off versus Brayden Schenn in Canadiens zone.
2:45 of 1st period - Backhand shot by Phil Kessel.
2:45 of 1st period - Stopped by John Gibson without a rebound.
2:46 of 1st period - Dave Bolland wins face-off versus Logan Couture in Maple Leafs zone.
2:47 of 1st period - Snap shot by Daniel Carcillo.
2:47 of 1st period - Stopped by John Gibson without a rebound.
2:48 of 1st period - Logan Couture wins face-off versus Dave Bolland in Maple Leafs zone.
3:38 of 1st period - Phil Kessel is hit by Hampus Lindholm.
3:44 of 1st period - John Klingberg is hit by Chris Kreider and loses puck.
3:53 of 1st period - Double Minor Penalty to Patrice Cormier for Roughing.
3:54 of 1st period - Brayden Schenn wins face-off versus Evgeni Malkin in Maple Leafs zone.
3:54 of 1st period - Brayden Schenn is hit by Evgeni Malkin.
4:21 of 1st period - Minor Penalty to Brady Skjei for Holding Stick.
4:22 of 1st period - Brayden Schenn wins face-off versus Evgeni Malkin in Canadiens zone.
4:32 of 1st period - Slapshot by Evgeni Malkin.
4:32 of 1st period - Stopped by John Gibson with a rebound.
4:34 of 1st period - Slapshot by Bryce Lampman.
4:34 of 1st period - Shot Misses the Net.
4:53 of 1st period - Off-side.
4:54 of 1st period - Logan Couture wins face-off versus Nick Spaling in neutral zone.
5:05 of 1st period - Snap shot by Jake Guentzel.
5:05 of 1st period - Shot Blocked by Travis Hamonic.
5:11 of 1st period - Jon Merrill is hit by Brian Dumoulin and loses puck.
5:49 of 1st period - Slapshot by Logan Couture.
5:49 of 1st period - Goal by Logan Couture - Maple Leafs : 2 - Canadiens : 1.
5:50 of 1st period - Evgeni Malkin wins face-off versus Brayden Schenn in neutral zone.
6:05 of 1st period - Snap shot by Chris Kreider.
6:05 of 1st period - Deflect By Claude Giroux.
6:05 of 1st period - Stopped by John Gibson without a rebound.
6:06 of 1st period - Evgeni Malkin wins face-off versus Brayden Schenn in Maple Leafs zone.
6:19 of 1st period - Snap shot by Evgeni Malkin.
6:19 of 1st period - Deflect By Chris Kreider.
6:19 of 1st period - Goal by Chris Kreider - Maple Leafs : 2 - Canadiens : 2.
6:20 of 1st period - Brayden Schenn wins face-off versus Evgeni Malkin in neutral zone.
6:21 of 1st period - Penalty to Brady Skjei is over, Brady Skjei is back on ice.
7:39 of 1st period - Slapshot by Dave Bolland.
7:39 of 1st period - Goal by Dave Bolland - Maple Leafs : 2 - Canadiens : 3.
7:40 of 1st period - Bo Horvat wins face-off versus Nick Spaling in neutral zone.
7:43 of 1st period - Wrist shot by Jake Guentzel.
7:43 of 1st period - Stopped by Kristers Gudlevskis without a rebound.
7:44 of 1st period - Bo Horvat wins face-off versus Nick Spaling in Canadiens zone.
8:07 of 1st period - Minor Penalty to Jon Merrill for Hooking.
8:08 of 1st period - Chris Kreider wins face-off versus Brayden Schenn in Maple Leafs zone.
8:09 of 1st period - Snap shot by Evgeni Malkin.
8:09 of 1st period - Shot Misses the Net.
8:11 of 1st period - Slapshot by Bryce Lampman.
8:11 of 1st period - Goal by Bryce Lampman - Maple Leafs : 2 - Canadiens : 4.
8:11 of 1st period - Martin Jones enters game.
8:12 of 1st period - Brayden Schenn wins face-off versus Evgeni Malkin in neutral zone.
9:09 of 1st period - Icing by John Klingberg.
9:10 of 1st period - Evgeni Malkin wins face-off versus Bo Horvat in Maple Leafs zone.
9:52 of 1st period - Mark Stuart is hit by Brayden Schenn and loses puck.
10:26 of 1st period - Braydon Coburn is hit by Brady Skjei and loses puck.
10:43 of 1st period - Slapshot by Jake Guentzel.
10:43 of 1st period - Shot Misses the Net.
10:48 of 1st period - Off-side.
10:49 of 1st period - Brayden Schenn wins face-off versus Evgeni Malkin in neutral zone.
11:37 of 1st period - Slapshot by Brayden Schenn.
11:37 of 1st period - Goal by Brayden Schenn - Maple Leafs : 3 - Canadiens : 4.
11:38 of 1st period - Evgeni Malkin wins face-off versus Logan Couture in neutral zone.
11:45 of 1st period - Snap shot by Chris Kreider.
11:45 of 1st period - Goal by Chris Kreider - Maple Leafs : 3 - Canadiens : 5.
11:46 of 1st period - Brayden Schenn wins face-off versus Evgeni Malkin in neutral zone.
11:58 of 1st period - Icing by Brady Skjei.
11:59 of 1st period - Brayden Schenn wins face-off versus Evgeni Malkin in Canadiens zone.
12:02 of 1st period - Snap shot by Patrick Kane.
12:02 of 1st period - Stopped by Kristers Gudlevskis without a rebound.
12:03 of 1st period - Brayden Schenn wins face-off versus Evgeni Malkin in Canadiens zone.
12:08 of 1st period - Snap shot by Patrick Kane.
12:08 of 1st period - Deflect By Brayden Schenn.
12:08 of 1st period - Shot Misses the Net.
12:08 of 1st period - Puck is out of play.
12:09 of 1st period - Brayden Schenn wins face-off versus Evgeni Malkin in Canadiens zone.
12:24 of 1st period - Snap shot by Evgeni Malkin.
12:24 of 1st period - Stopped by Martin Jones without a rebound.
12:25 of 1st period - Bo Horvat wins face-off versus Nick Spaling in Maple Leafs zone.
12:38 of 1st period - Slapshot by Steve Downie.
12:38 of 1st period - Shot Misses the Net.
12:46 of 1st period - Travis Hamonic is hit by Bo Horvat and loses puck.
13:50 of 1st period - Wrist shot by Jake Guentzel.
13:50 of 1st period - Shot Blocked by Brady Skjei.
14:05 of 1st period - Slapshot by Jake Guentzel.
14:05 of 1st period - Shot Misses the Net.
14:13 of 1st period - Jon Merrill is hit by Brady Skjei and loses puck.
14:36 of 1st period - Jon Merrill is hit by Nick Spaling and loses puck.
15:14 of 1st period - Jon Merrill is hit by Brady Skjei and loses puck.
15:28 of 1st period - Off-side.
15:29 of 1st period - Brayden Schenn wins face-off versus Evgeni Malkin in neutral zone.
15:56 of 1st period - Hampus Lindholm is hit by Bryce Lampman and loses puck.
16:38 of 1st period - Snap shot by Pierre-Marc Bouchard.
16:38 of 1st period - Stopped by Martin Jones with a rebound.
16:56 of 1st period - Pierre-Marc Bouchard is hit by Hampus Lindholm.
17:06 of 1st period - Wrist shot by Chris Kreider.
17:06 of 1st period - Stopped by Martin Jones without a rebound.
17:07 of 1st period - Patrice Cormier wins face-off versus Evgeni Malkin in Maple Leafs zone.
17:22 of 1st period - Bryce Lampman is hit by Pontus Aberg and loses puck.
17:43 of 1st period - Mark Stuart is hit by Patrick Kane and loses puck.
17:50 of 1st period - Hampus Lindholm is hit by Mark Stuart and loses puck.
18:11 of 1st period - John Klingberg is hit by Dave Bolland and loses puck.
19:29 of 1st period - Off-side.
19:30 of 1st period - Evgeni Malkin wins face-off versus Claude Giroux in neutral zone.
Goals for this period are 3 for Maple Leafs vs 5 for Canadiens.
Shots for this period are 7 for Maple Leafs vs 15 for Canadiens.
2nd period
0:01 of 2nd period - Brayden Schenn wins face-off versus Evgeni Malkin in neutral zone.
0:04 of 2nd period - Slapshot by Claude Giroux.
0:04 of 2nd period - Stopped by Kristers Gudlevskis with a rebound.
0:18 of 2nd period - Patrick Kane is hit by Evgeni Malkin.
0:28 of 2nd period - Hampus Lindholm is hit by Daniel Carcillo.
0:48 of 2nd period - Slapshot by Travis Hamonic.
0:48 of 2nd period - Deflect By Braydon Coburn.
0:48 of 2nd period - Stopped by Martin Jones with a rebound.
0:50 of 2nd period - Slapshot by Travis Hamonic.
0:50 of 2nd period - Stopped by Martin Jones with a rebound.
0:52 of 2nd period - Slapshot by Brady Skjei.
0:52 of 2nd period - Stopped by Martin Jones without a rebound.
0:53 of 2nd period - Brayden Schenn wins face-off versus Steve Downie in Maple Leafs zone.
1:10 of 2nd period - Minor Penalty to Patrick Kane for Cross-checking.
1:11 of 2nd period - Phil Kessel wins face-off versus Brayden Schenn in Maple Leafs zone.
1:27 of 2nd period - Slapshot by Brady Skjei.
1:27 of 2nd period - Stopped by Martin Jones without a rebound.
1:28 of 2nd period - Brayden Schenn wins face-off versus Dave Bolland in Maple Leafs zone.
1:43 of 2nd period - Snap shot by Dave Bolland.
1:43 of 2nd period - Shot Misses the Net.
1:45 of 2nd period - Snap shot by Greg Stewart.
1:45 of 2nd period - Goal by Greg Stewart - Maple Leafs : 3 - Canadiens : 6.
1:46 of 2nd period - Evgeni Malkin wins face-off versus Brayden Schenn in neutral zone.
1:53 of 2nd period - Wrist shot by Chris Kreider.
1:53 of 2nd period - Stopped by Martin Jones without a rebound.
1:54 of 2nd period - Brayden Schenn wins face-off versus Evgeni Malkin in Maple Leafs zone.
1:59 of 2nd period - Snap shot by John Klingberg.
1:59 of 2nd period - Stopped by Kristers Gudlevskis with a rebound.
2:08 of 2nd period - Off-side.
2:09 of 2nd period - Brayden Schenn wins face-off versus Evgeni Malkin in neutral zone.
3:18 of 2nd period - Minor Penalty to Mark Stuart for Holding.
3:19 of 2nd period - Dave Bolland wins face-off versus Brayden Schenn in Canadiens zone.
3:19 of 2nd period - Dave Bolland is hit by Claude Giroux.
5:18 of 2nd period - Penalty to Mark Stuart is over, Mark Stuart is back on ice.
5:26 of 2nd period - Slapshot by Brady Skjei.
5:26 of 2nd period - Deflect By Pierre-Marc Bouchard.
5:26 of 2nd period - Stopped by Martin Jones without a rebound.
5:27 of 2nd period - Peter Holland wins face-off versus Patrice Cormier in Maple Leafs zone.
6:07 of 2nd period - Snap shot by Pontus Aberg.
6:07 of 2nd period - Shot Blocked by Bryce Lampman.
6:09 of 2nd period - Snap shot by Pontus Aberg.
6:09 of 2nd period - Stopped by Kristers Gudlevskis with a rebound.
6:11 of 2nd period - Slapshot by Ryan Parent.
6:11 of 2nd period - Shot Hit the Post.
6:13 of 2nd period - Wrist shot by Ryan Parent.
6:13 of 2nd period - Shot Hit the Post.
6:42 of 2nd period - Slapshot by Steve Downie.
6:42 of 2nd period - Shot Misses the Net.
6:44 of 2nd period - Wrist shot by Nick Spaling.
6:44 of 2nd period - Shot Blocked by John Klingberg.
6:46 of 2nd period - Wrist shot by Steve Downie.
6:46 of 2nd period - Goal by Steve Downie - Maple Leafs : 3 - Canadiens : 7.
6:47 of 2nd period - Brayden Schenn wins face-off versus Evgeni Malkin in neutral zone.
6:54 of 2nd period - Wrist shot by Patrick Kane.
6:54 of 2nd period - Stopped by Kristers Gudlevskis without a rebound.
6:55 of 2nd period - Evgeni Malkin wins face-off versus Brayden Schenn in Canadiens zone.
7:14 of 2nd period - Snap shot by Patrick Kane.
7:14 of 2nd period - Shot Misses the Net.
7:16 of 2nd period - Snap shot by Patrick Kane.
7:16 of 2nd period - Shot Blocked by Brady Skjei.
7:47 of 2nd period - Minor Penalty to Brady Skjei for Cross-checking.
7:48 of 2nd period - Bo Horvat wins face-off versus Dave Bolland in Canadiens zone.
7:52 of 2nd period - Slapshot by Hampus Lindholm.
7:52 of 2nd period - Stopped by Kristers Gudlevskis without a rebound.
7:53 of 2nd period - Bo Horvat wins face-off versus Dave Bolland in Canadiens zone.
7:58 of 2nd period - Snap shot by Jake Guentzel.
7:58 of 2nd period - Goal by Jake Guentzel - Maple Leafs : 4 - Canadiens : 7.
7:59 of 2nd period - Evgeni Malkin wins face-off versus Brayden Schenn in neutral zone.
9:48 of 2nd period - Snap shot by Chris Kreider.
9:48 of 2nd period - Stopped by Martin Jones with a rebound.
9:50 of 2nd period - Slapshot by Dave Bolland.
9:50 of 2nd period - Shot Misses the Net.
9:52 of 2nd period - Snap shot by Dave Bolland.
9:52 of 2nd period - Stopped by Martin Jones with a rebound.
9:54 of 2nd period - Snap shot by Jordan Szwarz.
9:54 of 2nd period - Deflect By Daniel Carcillo.
9:54 of 2nd period - Shot Misses the Net.
9:54 of 2nd period - Puck is out of play.
9:55 of 2nd period - Claude Giroux wins face-off versus Jordan Szwarz in Maple Leafs zone.
10:32 of 2nd period - Snap shot by Brayden Schenn.
10:32 of 2nd period - Stopped by Kristers Gudlevskis with a rebound.
10:34 of 2nd period - Slapshot by Ryan Parent.
10:34 of 2nd period - Shot Blocked by Mark Stuart.
10:36 of 2nd period - Wrist shot by Brayden Schenn.
10:36 of 2nd period - Shot Misses the Net.
11:03 of 2nd period - Wrist shot by Patrick Kane.
11:03 of 2nd period - Deflect By Dave Bolland.
11:03 of 2nd period - Shot Blocked by Dave Bolland.
11:03 of 2nd period - Puck is out of play.
11:04 of 2nd period - Chris Kreider wins face-off versus Bo Horvat in Canadiens zone.
11:06 of 2nd period - Minor Penalty to Evgeni Malkin for Roughing.
11:07 of 2nd period - Dave Bolland wins face-off versus Bo Horvat in Canadiens zone.
11:16 of 2nd period - Wrist shot by John Klingberg.
11:16 of 2nd period - Stopped by Kristers Gudlevskis with a rebound.
11:18 of 2nd period - Wrist shot by Bo Horvat.
11:18 of 2nd period - Stopped by Kristers Gudlevskis without a rebound.
11:19 of 2nd period - Bo Horvat wins face-off versus Dave Bolland in Canadiens zone.
11:34 of 2nd period - Slapshot by Bo Horvat.
11:34 of 2nd period - Shot Misses the Net.
11:36 of 2nd period - Slapshot by John Klingberg.
11:36 of 2nd period - Shot Blocked by Brian Dumoulin.
11:46 of 2nd period - Dave Bolland is hit by Claude Giroux and loses puck.
11:51 of 2nd period - Snap shot by Patrick Kane.
11:51 of 2nd period - Stopped by Kristers Gudlevskis with a rebound.
11:53 of 2nd period - Snap shot by Claude Giroux.
11:53 of 2nd period - Shot Blocked by Brian Dumoulin.
11:55 of 2nd period - Slapshot by John Klingberg.
11:55 of 2nd period - Stopped by Kristers Gudlevskis without a rebound.
11:56 of 2nd period - Brayden Schenn wins face-off versus Nick Spaling in Canadiens zone.
12:21 of 2nd period - Nick Spaling is hit by Bo Horvat and loses puck.
12:35 of 2nd period - Icing by Jake Guentzel.
12:36 of 2nd period - Dave Bolland wins face-off versus Bo Horvat in Maple Leafs zone.
13:03 of 2nd period - Jordan Szwarz is hit by Hampus Lindholm and loses puck.
13:06 of 2nd period - Penalty to Evgeni Malkin is over, Evgeni Malkin is back on ice.
13:32 of 2nd period - Minor Penalty to Beau Bennett for Cross-checking.
13:33 of 2nd period - Evgeni Malkin wins face-off versus Brayden Schenn in Maple Leafs zone.
14:24 of 2nd period - Brayden Schenn is hit by Evgeni Malkin and loses puck.
15:32 of 2nd period - Penalty to Beau Bennett is over, Beau Bennett is back on ice.
16:01 of 2nd period - Brian Dumoulin is hit by Ryan Parent and loses puck.
16:27 of 2nd period - Brian Dumoulin is hit by Bo Horvat and loses puck.
16:39 of 2nd period - Icing by Brayden Schenn.
16:40 of 2nd period - Brayden Schenn wins face-off versus Nick Spaling in Maple Leafs zone.
16:40 of 2nd period - Brayden Schenn is hit by Greg Stewart.
16:46 of 2nd period - Slapshot by Claude Giroux.
16:46 of 2nd period - Stopped by Kristers Gudlevskis without a rebound.
16:47 of 2nd period - Bo Horvat wins face-off versus Evgeni Malkin in Canadiens zone.
17:21 of 2nd period - Snap shot by Greg Stewart.
17:21 of 2nd period - Stopped by Martin Jones without a rebound.
17:22 of 2nd period - Evgeni Malkin wins face-off versus Brayden Schenn in Maple Leafs zone.
18:03 of 2nd period - Slapshot by Claude Giroux.
18:03 of 2nd period - Shot Blocked by Brady Skjei.
18:23 of 2nd period - Off-side.
18:24 of 2nd period - Nick Spaling wins face-off versus Bo Horvat in neutral zone.
19:21 of 2nd period - Slapshot by Pontus Aberg.
19:21 of 2nd period - Shot Misses the Net.
19:23 of 2nd period - Slapshot by Zach Werenski.
19:23 of 2nd period - Stopped by Kristers Gudlevskis with a rebound.
19:41 of 2nd period - Ben Smith is hit by Jordan Szwarz and loses puck.
Goals for this period are 1 for Maple Leafs vs 2 for Canadiens.
Shots for this period are 13 for Maple Leafs vs 11 for Canadiens.
3rd period
0:01 of 3rd period - Evgeni Malkin wins face-off versus Brayden Schenn in neutral zone.
0:26 of 3rd period - Hampus Lindholm is hit by Steve Downie and loses puck.
1:34 of 3rd period - Brayden Schenn is hit by Chris Kreider and loses puck.
1:53 of 3rd period - Slapshot by Jake Guentzel.
1:53 of 3rd period - Shot Misses the Net.
1:55 of 3rd period - Snap shot by Ben Smith.
1:55 of 3rd period - Stopped by Kristers Gudlevskis without a rebound.
1:56 of 3rd period - Nick Spaling wins face-off versus Bo Horvat in Canadiens zone.
2:01 of 3rd period - Snap shot by Brian Dumoulin.
2:01 of 3rd period - Stopped by Martin Jones without a rebound.
2:02 of 3rd period - Nick Spaling wins face-off versus Brayden Schenn in Maple Leafs zone.
2:03 of 3rd period - Slapshot by Greg Stewart.
2:03 of 3rd period - Shot Misses the Net.
2:05 of 3rd period - Wrist shot by Nick Spaling.
2:05 of 3rd period - Deflect By Greg Stewart.
2:05 of 3rd period - Shot Blocked by Claude Giroux.
2:05 of 3rd period - Puck is out of play.
2:06 of 3rd period - Nick Spaling wins face-off versus Brayden Schenn in Maple Leafs zone.
2:09 of 3rd period - Snap shot by Steve Downie.
2:09 of 3rd period - Stopped by Martin Jones with a rebound.
2:11 of 3rd period - Snap shot by Steve Downie.
2:11 of 3rd period - Goal by Steve Downie - Maple Leafs : 4 - Canadiens : 8.
2:11 of 3rd period - John Gibson enters game.
2:12 of 3rd period - Evgeni Malkin wins face-off versus Brayden Schenn in neutral zone.
2:27 of 3rd period - Slapshot by Brady Skjei.
2:27 of 3rd period - Stopped by John Gibson without a rebound.
2:28 of 3rd period - Nick Spaling wins face-off versus Ben Smith in Maple Leafs zone.
3:19 of 3rd period - Slapshot by Ben Smith.
3:19 of 3rd period - Shot Misses the Net.
3:21 of 3rd period - Wrist shot by Hampus Lindholm.
3:21 of 3rd period - Shot Misses the Net.
3:23 of 3rd period - Snap shot by Jake Guentzel.
3:23 of 3rd period - Stopped by Kristers Gudlevskis without a rebound.
3:24 of 3rd period - Evgeni Malkin wins face-off versus Brayden Schenn in Canadiens zone.
4:45 of 3rd period - Snap shot by Dave Bolland.
4:45 of 3rd period - Shot Blocked by Braydon Coburn.
4:47 of 3rd period - Slapshot by Brian Dumoulin.
4:47 of 3rd period - Shot Misses the Net.
5:53 of 3rd period - Slapshot by Hampus Lindholm.
5:53 of 3rd period - Shot Blocked by Phil Kessel.
5:55 of 3rd period - Slapshot by John Klingberg.
5:55 of 3rd period - Shot Misses the Net.
5:57 of 3rd period - Slapshot by Jake Guentzel.
5:57 of 3rd period - Stopped by Kristers Gudlevskis without a rebound.
5:58 of 3rd period - Ben Smith wins face-off versus Phil Kessel in Canadiens zone.
6:01 of 3rd period - Wrist shot by Jake Guentzel.
6:01 of 3rd period - Deflect By Bo Horvat.
6:01 of 3rd period - Stopped by Kristers Gudlevskis without a rebound.
6:02 of 3rd period - Phil Kessel wins face-off versus Brayden Schenn in Canadiens zone.
7:01 of 3rd period - Wrist shot by Andre Burakovsky.
7:01 of 3rd period - Stopped by Kristers Gudlevskis with a rebound.
7:23 of 3rd period - Wrist shot by Tim Schaller.
7:23 of 3rd period - Stopped by Kristers Gudlevskis without a rebound.
7:24 of 3rd period - Brayden Schenn wins face-off versus Evgeni Malkin in Canadiens zone.
7:35 of 3rd period - Wrist shot by Chris Kreider.
7:35 of 3rd period - Stopped by John Gibson without a rebound.
7:36 of 3rd period - Evgeni Malkin wins face-off versus Brayden Schenn in Maple Leafs zone.
7:50 of 3rd period - Off-side.
7:51 of 3rd period - Evgeni Malkin wins face-off versus Bo Horvat in neutral zone.
8:07 of 3rd period - Wrist shot by Ben Smith.
8:07 of 3rd period - Shot Blocked by Brady Skjei.
8:28 of 3rd period - Snap shot by Logan Couture.
8:28 of 3rd period - Stopped by Kristers Gudlevskis with a rebound.
8:30 of 3rd period - Wrist shot by Beau Bennett.
8:30 of 3rd period - Shot Misses the Net.
8:49 of 3rd period - Slapshot by Zach Werenski.
8:49 of 3rd period - Stopped by Kristers Gudlevskis with a rebound.
8:51 of 3rd period - Slapshot by Zach Werenski.
8:51 of 3rd period - Stopped by Kristers Gudlevskis without a rebound.
8:52 of 3rd period - Dave Bolland wins face-off versus Bo Horvat in Canadiens zone.
9:21 of 3rd period - Slapshot by Brady Skjei.
9:21 of 3rd period - Shot Misses the Net.
11:18 of 3rd period - Zach Werenski is hit by Travis Hamonic and loses puck.
11:59 of 3rd period - Brayden Schenn is hit by Brady Skjei.
12:09 of 3rd period - Wrist shot by Claude Giroux.
12:09 of 3rd period - Stopped by Kristers Gudlevskis without a rebound.
12:10 of 3rd period - Evgeni Malkin wins face-off versus Bo Horvat in Canadiens zone.
12:15 of 3rd period - John Klingberg is hit by Bryce Lampman and loses puck.
12:32 of 3rd period - Double Minor Penalty to Bo Horvat for Slashing.
12:33 of 3rd period - Brayden Schenn wins face-off versus Phil Kessel in Maple Leafs zone.
13:24 of 3rd period - Hampus Lindholm is hit by Chris Kreider and loses puck.
13:54 of 3rd period - Icing by Brady Skjei.
13:55 of 3rd period - Logan Couture wins face-off versus Evgeni Malkin in Canadiens zone.
14:04 of 3rd period - Andre Burakovsky is hit by Travis Hamonic and loses puck.
14:42 of 3rd period - Jake Guentzel is hit by Bryce Lampman.
14:49 of 3rd period - Icing by Steve Downie.
14:50 of 3rd period - Evgeni Malkin wins face-off versus Jake Guentzel in Canadiens zone.
15:31 of 3rd period - Slapshot by Braydon Coburn.
15:31 of 3rd period - Shot Blocked by Bryce Lampman.
16:32 of 3rd period - Penalty to Bo Horvat is over, Bo Horvat is back on ice.
16:46 of 3rd period - Snap shot by Pontus Aberg.
16:46 of 3rd period - Shot Misses the Net.
16:48 of 3rd period - Wrist shot by Patrice Cormier.
16:48 of 3rd period - Stopped by Kristers Gudlevskis without a rebound.
16:49 of 3rd period - Bo Horvat wins face-off versus Peter Holland in Canadiens zone.
17:14 of 3rd period - John Klingberg is hit by Brian Dumoulin.
17:15 of 3rd period - Icing by John Klingberg.
17:16 of 3rd period - Evgeni Malkin wins face-off versus Bo Horvat in Maple Leafs zone.
17:21 of 3rd period - Slapshot by Phil Kessel.
17:21 of 3rd period - Shot Misses the Net.
17:28 of 3rd period - Minor Penalty to Chris Kreider for Roughing.
17:29 of 3rd period - Dave Bolland wins face-off versus Brayden Schenn in Canadiens zone.
17:35 of 3rd period - Icing by Brayden Schenn.
17:36 of 3rd period - Brayden Schenn wins face-off versus Dave Bolland in Maple Leafs zone.
17:55 of 3rd period - Daniel Carcillo is hit by Claude Giroux.
18:05 of 3rd period - Slapshot by Hampus Lindholm.
18:05 of 3rd period - Shot Misses the Net.
18:07 of 3rd period - Snap shot by Ben Smith.
18:07 of 3rd period - Stopped by Kristers Gudlevskis with a rebound.
18:09 of 3rd period - Slapshot by Hampus Lindholm.
18:09 of 3rd period - Stopped by Kristers Gudlevskis without a rebound.
18:10 of 3rd period - Dave Bolland wins face-off versus Bo Horvat in Canadiens zone.
18:23 of 3rd period - Snap shot by Jake Guentzel.
18:23 of 3rd period - Goal by Jake Guentzel - Maple Leafs : 5 - Canadiens : 8.
18:24 of 3rd period - Evgeni Malkin wins face-off versus Brayden Schenn in neutral zone.
18:29 of 3rd period - Slapshot by Evgeni Malkin.
18:29 of 3rd period - Shot Blocked by Hampus Lindholm.
18:33 of 3rd period - Slapshot by Evgeni Malkin.
18:33 of 3rd period - Stopped by John Gibson with a rebound.
18:35 of 3rd period - Wrist shot by Evgeni Malkin.
18:35 of 3rd period - Stopped by John Gibson with a rebound.
18:37 of 3rd period - Wrist shot by Phil Kessel.
18:37 of 3rd period - Stopped by John Gibson without a rebound.
18:38 of 3rd period - Brayden Schenn wins face-off versus Evgeni Malkin in Maple Leafs zone.
18:48 of 3rd period - Snap shot by Chris Kreider.
18:48 of 3rd period - Stopped by John Gibson without a rebound.
18:49 of 3rd period - Patrick Kane wins face-off versus Evgeni Malkin in Maple Leafs zone.
19:46 of 3rd period - Slapshot by Brady Skjei.
19:46 of 3rd period - Shot Hit the Post.
19:58 of 3rd period - Slapshot by Brady Skjei.
19:58 of 3rd period - Stopped by John Gibson with a rebound.
Goals for this period are 1 for Maple Leafs vs 1 for Canadiens.
Shots for this period are 14 for Maple Leafs vs 10 for Canadiens.
Output by the SimonT Hockey Simulator (STHS) for Francois Prevost